2803 views
Uploaded 2019-12-14 20:20:50
Game version 1.32.0.4
42:14 long 4on4 ladder game on (8)BanewoodBog_LV
Saved by BEARAND
2803 views
Uploaded 2019-12-14 20:20:50
Game version 1.32.0.4
42:14 long 4on4 ladder game on (8)BanewoodBog_LV


173 units @ 19.2k
/ 1.9k
509 buildings @ 29.3k
/ 17.1k



| Scroll of Regeneration | 3 | 300 |
| Staff of Sanctuary | 3 | 750 |
| Scroll of Town Portal | 1 | 350 |
| Boots of Speed | 3 | 750 |
| Staff of Teleportation | 3 | 450 |
| Periapt of Vitality | 2 | 650 |
| Circlet of Nobility | 2 | 350 |
| Orb of Venom | 1 | 325 |
| total: | 18 | 3925g |
| Peasant | 29 | 2175 | / | 0 |
| Sorceress | 2 | 310 | / | 40 |
| Priest | 1 | 135 | / | 10 |
| Green Dragon | 1 | 745 | / | 200 |
| Green Drake | 1 | 365 | / | 80 |
| total: | 34 | 3730g | / | 330w |
| Scout Tower | 223 | 6690 | / | 4460 |
| Arcane Tower | 1 | 70 | / | 50 |
| Guard Tower | 47 | 3290 | / | 2350 |
| Altar of Kings | 1 | 180 | / | 50 |
| Farm | 4 | 320 | / | 80 |
| Lumber Mill | 1 | 120 | / | 0 |
| Arcane Vault | 2 | 260 | / | 60 |
| Town Hall | 2 | 770 | / | 410 |
| Blacksmith | 2 | 280 | / | 120 |
| Barracks | 1 | 160 | / | 60 |
| Arcane Sanctum | 1 | 150 | / | 140 |
| Keep | 1 | 320 | / | 210 |
| Castle | 1 | 360 | / | 210 |
| total: | 237 | 8930g | / | 5380w |
| 0:03 | Peasant |
| 0:03 | Peasant |
| 0:08 | Altar of Kings |
| 0:12 | Farm |
| 0:24 | Peasant |
| 0:31 | Peasant |
| 0:43 | Farm |
| 0:56 | Lumber Mill |
| 0:58 | Peasant |
| 1:12 | Peasant |
| 1:16 | Peasant |
| 1:16 | Peasant |
| 1:23 | Scout Tower |
| 1:31 | Scout Tower |
| 1:35 | Scout Tower |
| 1:36 | Peasant |
| 1:36 | Peasant |
| 1:44 | Scout Tower |
| 1:45 | Scout Tower |
| 1:47 | Scout Tower |
| 1:49 | Arcane Tower |
| 2:01 | Scout Tower |
| 2:07 | Scout Tower |
| 2:10 | Peasant |
| 2:10 | Peasant |
| 2:16 | Guard Tower |
| 2:18 | Flame Strike |
| 2:22 | Peasant |
| 2:27 | Scout Tower |
| 2:29 | Guard Tower |
| 2:38 | Guard Tower |
| 2:50 | Arcane Vault |
| 2:59 | Guard Tower |
| 3:07 | Guard Tower |
| 3:08 | Guard Tower |
| 3:11 | Scout Tower |
| 3:11 | Scout Tower |
| 3:13 | Scout Tower |
| 3:14 | Scout Tower |
| 3:17 | Scout Tower |
| 3:18 | Scout Tower |
| 3:20 | Scout Tower |
| 3:21 | Scout Tower |
| 3:32 | Guard Tower |
| 3:35 | Scout Tower |
| 3:42 | Guard Tower |
| 3:54 | Scout Tower |
| 3:55 | Scout Tower |
| 3:57 | Keep |
| 4:01 | Scout Tower |
| 4:09 | Scroll of Regeneration |
| 4:15 | Guard Tower |
| 4:16 | Scout Tower |
| 4:50 | Guard Tower |
| 5:15 | Town Hall |
| 5:17 | Guard Tower |
| 5:20 | Guard Tower |
| 5:26 | Scout Tower |
| 5:27 | Scout Tower |
| 5:34 | Scout Tower |
| 5:39 | Scout Tower |
| 5:45 | Improved Masonry |
| 5:52 | Guard Tower |
| 6:03 | Guard Tower |
| 6:08 | Scout Tower |
| 6:09 | Scout Tower |
| 6:38 | Scout Tower |
| 6:39 | Guard Tower |
| 6:40 | Guard Tower |
| 6:45 | Boots of Speed |
| 6:49 | Siphon Mana |
| 7:13 | Scout Tower |
| 7:18 | Peasant |
| 7:18 | Peasant |
| 7:31 | Arcane Vault |
| 7:49 | Scout Tower |
| 7:51 | Scout Tower |
| 7:55 | Scout Tower |
| 7:55 | Scout Tower |
| 7:58 | Scout Tower |
| 8:04 | Guard Tower |
| 8:41 | Guard Tower |
| 8:43 | Peasant |
| 8:43 | Peasant |
| 8:44 | Peasant |
| 8:45 | Improved Lumber Harvesting |
| 8:51 | Scroll of Regeneration |
| 8:56 | Guard Tower |
| 8:59 | Castle |
| 9:01 | Peasant |
| 9:01 | Peasant |
| 9:07 | Scout Tower |
| 9:07 | Scout Tower |
| 9:08 | Scout Tower |
| 9:08 | Scout Tower |
| 9:09 | Scout Tower |
| 9:09 | Scout Tower |
| 9:10 | Scout Tower |
| 9:10 | Scout Tower |
| 9:19 | Staff of Teleportation |
| 9:23 | Boots of Speed |
| 9:25 | Blizzard |
| 9:39 | Flame Strike |
| 9:55 | Scout Tower |
| 9:56 | Scout Tower |
| 9:56 | Scout Tower |
| 9:56 | Scout Tower |
| 9:57 | Scout Tower |
| 9:58 | Scout Tower |
| 9:59 | Scout Tower |
| 9:59 | Scout Tower |
| 10:00 | Scout Tower |
| 10:01 | Scout Tower |
| 10:01 | Scout Tower |
| 10:02 | Scout Tower |
| 10:03 | Scout Tower |
| 10:04 | Scout Tower |
| 10:04 | Scout Tower |
| 10:05 | Scout Tower |
| 10:06 | Scout Tower |
| 10:06 | Scout Tower |
| 10:10 | Arcane Sanctum |
| 10:46 | Guard Tower |
| 11:01 | Advanced Masonry |
| 11:07 | Peasant |
| 11:07 | Peasant |
| 11:07 | Peasant |
| 11:11 | Guard Tower |
| 11:35 | Boots of Speed |
| 11:36 | Staff of Teleportation |
| 11:36 | Periapt of Vitality |
| 11:37 | Circlet of Nobility |
| 11:45 | Scout Tower |
| 11:45 | Scout Tower |
| 11:46 | Scout Tower |
| 11:47 | Scout Tower |
| 11:47 | Scout Tower |
| 11:48 | Scout Tower |
| 11:49 | Scout Tower |
| 11:49 | Scout Tower |
| 11:52 | Scout Tower |
| 11:53 | Scout Tower |
| 11:53 | Scout Tower |
| 11:54 | Scout Tower |
| 11:55 | Scout Tower |
| 11:56 | Scout Tower |
| 11:56 | Scout Tower |
| 11:57 | Scout Tower |
| 11:58 | Scout Tower |
| 11:58 | Scout Tower |
| 11:59 | Scout Tower |
| 12:00 | Scout Tower |
| 12:02 | Magic Sentry |
| 12:02 | Sorceress Adept Training |
| 12:02 | Priest Adept Training |
| 12:02 | Sorceress |
| 12:03 | Priest |
| 12:10 | Farm |
| 12:12 | Guard Tower |
| 12:16 | Farm |
| 12:35 | Rain of Fire |
| 12:49 | Scout Tower |
| 12:49 | Scout Tower |
| 12:51 | Scout Tower |
| 12:51 | Scout Tower |
| 12:52 | Scout Tower |
| 12:53 | Scout Tower |
| 12:53 | Scout Tower |
| 12:56 | Scout Tower |
| 12:57 | Scout Tower |
| 12:57 | Scout Tower |
| 12:58 | Scout Tower |
| 12:58 | Scout Tower |
| 12:59 | Scout Tower |
| 12:59 | Scout Tower |
| 13:00 | Scout Tower |
| 13:00 | Scout Tower |
| 13:01 | Scout Tower |
| 13:03 | Scout Tower |
| 13:03 | Scout Tower |
| 13:06 | Scout Tower |
| 13:07 | Scout Tower |
| 13:07 | Scout Tower |
| 13:08 | Scout Tower |
| 13:09 | Scout Tower |
| 13:10 | Scout Tower |
| 13:11 | Scout Tower |
| 13:12 | Scout Tower |
| 13:13 | Scout Tower |
| 13:13 | Scout Tower |
| 13:14 | Scout Tower |
| 13:14 | Scout Tower |
| 13:14 | Scout Tower |
| 13:15 | Scout Tower |
| 13:15 | Scout Tower |
| 13:16 | Scout Tower |
| 13:25 | Blacksmith |
| 13:26 | Blacksmith |
| 13:28 | Barracks |
| 14:17 | Guard Tower |
| 14:23 | Guard Tower |
| 14:27 | Scout Tower |
| 14:27 | Scout Tower |
| 14:28 | Scout Tower |
| 14:28 | Scout Tower |
| 14:29 | Scout Tower |
| 14:29 | Scout Tower |
| 14:29 | Scout Tower |
| 14:30 | Scout Tower |
| 14:49 | Guard Tower |
| 14:51 | Guard Tower |
| 15:08 | Guard Tower |
| 15:34 | Brilliance Aura |
| 15:45 | Guard Tower |
| 16:05 | Guard Tower |
| 16:07 | Peasant |
| 16:07 | Peasant |
| 16:17 | Staff of Teleportation |
| 16:17 | Circlet of Nobility |
| 16:18 | Periapt of Vitality |
| 16:33 | Guard Tower |
| 17:00 | Guard Tower |
| 17:02 | Guard Tower |
| 17:06 | Sorceress |
| 17:07 | Sorceress Master Training |
| 17:07 | Priest Master Training |
| 17:14 | Guard Tower |
| 17:17 | Scout Tower |
| 17:17 | Scout Tower |
| 17:18 | Scout Tower |
| 17:18 | Scout Tower |
| 17:18 | Scout Tower |
| 17:19 | Scout Tower |
| 17:22 | Scout Tower |
| 17:22 | Scout Tower |
| 17:22 | Scout Tower |
| 17:22 | Scout Tower |
| 17:23 | Scout Tower |
| 17:26 | Scout Tower |
| 17:27 | Scout Tower |
| 17:27 | Scout Tower |
| 17:28 | Scout Tower |
| 17:29 | Scout Tower |
| 17:32 | Scout Tower |
| 17:35 | Scout Tower |
| 17:36 | Scout Tower |
| 17:37 | Scout Tower |
| 17:39 | Scout Tower |
| 17:39 | Scout Tower |
| 17:39 | Scout Tower |
| 17:39 | Scout Tower |
| 17:39 | Scout Tower |
| 17:40 | Scout Tower |
| 17:40 | Scout Tower |
| 17:40 | Scout Tower |
| 18:27 | Guard Tower |
| 18:40 | Guard Tower |
| 18:53 | Animal War Training |
| 19:01 | Imbued Masonry |
| 19:01 | Advanced Lumber Harvesting |
| 19:03 | Studded Leather Armor |
| 19:03 | Iron Forged Swords |
| 19:58 | Scroll of Town Portal |
| 19:58 | Staff of Sanctuary |
| 20:05 | Scroll of Regeneration |
| 20:37 | Guard Tower |
| 20:42 | Scout Tower |
| 20:43 | Scout Tower |
| 20:44 | Scout Tower |
| 20:45 | Scout Tower |
| 20:46 | Scout Tower |
| 20:46 | Scout Tower |
| 20:48 | Scout Tower |
| 20:48 | Scout Tower |
| 20:49 | Scout Tower |
| 20:49 | Scout Tower |
| 20:50 | Scout Tower |
| 20:52 | Scout Tower |
| 20:53 | Scout Tower |
| 20:54 | Scout Tower |
| 20:55 | Scout Tower |
| 20:55 | Scout Tower |
| 20:56 | Scout Tower |
| 20:56 | Scout Tower |
| 20:57 | Scout Tower |
| 20:57 | Scout Tower |
| 20:58 | Scout Tower |
| 20:59 | Scout Tower |
| 20:59 | Scout Tower |
| 21:00 | Scout Tower |
| 21:00 | Scout Tower |
| 21:00 | Scout Tower |
| 21:01 | Scout Tower |
| 21:36 | Cleaving Attack |
| 22:32 | Siphon Mana |
| 23:47 | Guard Tower |
| 24:04 | Staff of Sanctuary |
| 24:35 | Orb of Venom |
| 25:01 | Staff of Sanctuary |
| 27:02 | Rain of Fire |
| 27:29 | Blizzard |
| 27:51 | Guard Tower |
| 27:54 | Peasant |
| 27:54 | Peasant |
| 27:55 | Peasant |
| 27:55 | Peasant |
| 29:44 | Scout Tower |
| 29:45 | Scout Tower |
| 29:46 | Scout Tower |
| 29:47 | Scout Tower |
| 29:48 | Scout Tower |
| 29:49 | Scout Tower |
| 29:50 | Scout Tower |
| 29:51 | Scout Tower |
| 29:52 | Scout Tower |
| 29:53 | Scout Tower |
| 29:54 | Scout Tower |
| 29:55 | Scout Tower |
| 29:56 | Scout Tower |
| 29:57 | Scout Tower |
| 29:57 | Scout Tower |
| 29:58 | Scout Tower |
| 29:58 | Scout Tower |
| 29:59 | Scout Tower |
| 29:59 | Scout Tower |
| 30:00 | Scout Tower |
| 30:00 | Scout Tower |
| 30:01 | Scout Tower |
| 30:02 | Scout Tower |
| 30:03 | Scout Tower |
| 30:03 | Scout Tower |
| 30:04 | Scout Tower |
| 30:04 | Scout Tower |
| 30:36 | Scout Tower |
| 30:42 | Guard Tower |
| 30:54 | Guard Tower |
| 30:57 | Scout Tower |
| 30:58 | Scout Tower |
| 30:59 | Scout Tower |
| 31:00 | Scout Tower |
| 31:00 | Scout Tower |
| 31:01 | Scout Tower |
| 31:02 | Scout Tower |
| 31:03 | Scout Tower |
| 31:03 | Scout Tower |
| 31:04 | Scout Tower |
| 31:05 | Scout Tower |
| 31:05 | Scout Tower |
| 32:26 | Guard Tower |
| 32:28 | Guard Tower |
| 32:37 | Town Hall |
| 32:41 | Guard Tower |
| 32:49 | Flame Strike |
| 33:12 | Guard Tower |
| 34:37 | Cleaving Attack |
| 36:04 | Brilliance Aura |
| 38:59 | Green Dragon |
| 39:20 | Green Drake |
| 39:41 | Scout Tower |
| 39:43 | Scout Tower |
| 39:45 | Scout Tower |
| 39:55 | Scout Tower |
| Right click | 1248 |
| Select group | 551 |
| Select | 410 |
| Use ability | 183 |
| Build/train/purchase | 176 |
| Resource trade | 174 |
| Misc. action | 82 |
| Assign group | 17 |
| Item give/drop | 9 |
| Chat | 9 |
| Minimap ping | 8 |
| Esc | 7 |



| Orb of Venom | 1 | 325 |
| Staff of Teleportation | 3 | 450 |
| Boots of Speed | 3 | 750 |
| Periapt of Vitality | 4 | 1300 |
| Circlet of Nobility | 1 | 175 |
| Staff of Sanctuary | 3 | 750 |
| total: | 15 | 3750g |
| Wisp | 25 | 1500 | / | 0 |
| Hippogryph | 9 | 1440 | / | 180 |
| Chimaera | 8 | 2640 | / | 560 |
| total: | 42 | 5580g | / | 740w |
| Altar of Elders | 1 | 180 | / | 50 |
| Moon Well | 10 | 1800 | / | 400 |
| Tree of Life | 6 | 2040 | / | 1110 |
| Ancient of Wonders | 3 | 270 | / | 90 |
| Hunter's Hall | 1 | 210 | / | 100 |
| Ancient of Wind | 1 | 150 | / | 140 |
| Chimaera Roost | 4 | 560 | / | 760 |
| Tree of Ages | 1 | 320 | / | 180 |
| Tree of Eternity | 1 | 330 | / | 200 |
| total: | 26 | 5210g | / | 2650w |
| 0:05 | Wisp |
| 0:05 | Wisp |
| 0:08 | Altar of Elders |
| 0:14 | Wisp |
| 0:17 | Moon Well |
| 0:21 | Wisp |
| 0:34 | Wisp |
| 0:34 | Wisp |
| 0:54 | Wisp |
| 0:58 | Moon Well |
| 1:08 | Wisp |
| 1:27 | Wisp |
| 1:53 | Wisp |
| 2:10 | Entangling Roots |
| 2:11 | Wisp |
| 2:11 | Wisp |
| 2:12 | Wisp |
| 2:40 | Wisp |
| 3:26 | Wisp |
| 3:26 | Wisp |
| 3:50 | Staff of Teleportation |
| 3:50 | Boots of Speed |
| 4:24 | Tree of Ages |
| 5:29 | Tree of Life |
| 5:35 | Ancient of Wonders |
| 5:38 | Ancient of Wonders |
| 5:44 | Ancient of Wonders |
| 5:48 | Moon Well |
| 5:50 | Moon Well |
| 6:19 | Hunter's Hall |
| 7:01 | Tree of Eternity |
| 7:26 | Thorns Aura |
| 8:14 | Ultravision |
| 8:23 | Moon Well |
| 8:27 | Moon Well |
| 8:57 | Frost Arrows |
| 9:50 | Well Spring |
| 9:53 | Wisp |
| 9:53 | Wisp |
| 10:13 | Silence |
| 10:55 | Wisp |
| 10:55 | Wisp |
| 10:56 | Wisp |
| 11:03 | Moon Well |
| 11:04 | Moon Well |
| 11:44 | Mana Shield |
| 11:58 | Orb of Venom |
| 12:24 | Staff of Teleportation |
| 12:24 | Boots of Speed |
| 12:56 | Wisp |
| 12:56 | Wisp |
| 12:56 | Wisp |
| 12:57 | Wisp |
| 14:03 | Life Drain |
| 15:11 | Periapt of Vitality |
| 15:18 | Staff of Teleportation |
| 15:18 | Boots of Speed |
| 15:45 | Staff of Sanctuary |
| 17:09 | Entangling Roots |
| 17:37 | Frost Arrows |
| 19:44 | Staff of Sanctuary |
| 19:57 | Moon Well |
| 19:58 | Moon Well |
| 20:02 | Periapt of Vitality |
| 20:11 | Staff of Sanctuary |
| 20:25 | Periapt of Vitality |
| 20:55 | Strength of the Wild |
| 20:55 | Reinforced Hides |
| 20:57 | Ancient of Wind |
| 21:41 | Silence |
| 23:40 | Hippogryph |
| 23:40 | Hippogryph |
| 23:41 | Hippogryph |
| 23:41 | Hippogryph |
| 23:41 | Hippogryph |
| 23:43 | Improved Strength of the Wild |
| 23:43 | Improved Reinforced Hides |
| 23:46 | Tree of Life |
| 23:51 | Tree of Life |
| 24:21 | Tree of Life |
| 25:07 | Nature's Blessing |
| 25:38 | Thorns Aura |
| 25:56 | Mana Shield |
| 26:18 | Hippogryph |
| 26:24 | Tree of Life |
| 27:23 | Life Drain |
| 28:40 | Hippogryph |
| 28:54 | Advanced Strength of the Wild |
| 28:54 | Advanced Reinforced Hides |
| 29:19 | Periapt of Vitality |
| 29:19 | Circlet of Nobility |
| 29:34 | Hippogryph |
| 30:10 | Entangling Roots |
| 31:18 | Frost Arrows |
| 32:12 | Tree of Life |
| 32:21 | Tranquility |
| 33:26 | Hippogryph |
| 35:23 | Silence |
| 36:17 | Chimaera Roost |
| 36:17 | Chimaera Roost |
| 36:19 | Chimaera Roost |
| 36:19 | Chimaera Roost |
| 37:40 | Corrosive Breath |
| 37:43 | Chimaera |
| 37:49 | Chimaera |
| 37:49 | Chimaera |
| 37:50 | Chimaera |
| 37:50 | Chimaera |
| 37:51 | Chimaera |
| 37:51 | Chimaera |
| 37:52 | Chimaera |
| 38:10 | Tornado |
| Right click | 2080 |
| Select group | 1466 |
| Resource trade | 322 |
| Select | 286 |
| Misc. action | 114 |
| Use ability | 106 |
| Build/train/purchase | 100 |
| Minimap ping | 71 |
| Assign group | 23 |
| Item give/drop | 18 |
| Esc | 5 |



x1)
x1)
| Staff of Sanctuary | 3 | 750 |
| Boots of Speed | 3 | 750 |
| Staff of Teleportation | 3 | 450 |
| Potion of Lesser Invulnerability | 1 | 150 |
| Periapt of Vitality | 2 | 650 |
| Tome of Retraining | 2 | 600 |
| Orb of Venom | 2 | 650 |
| total: | 16 | 4000g |
| Peasant | 18 | 1350 | / | 0 |
| Priest | 1 | 135 | / | 10 |
| Dragonhawk Rider | 7 | 1400 | / | 210 |
| total: | 26 | 2885g | / | 220w |
| Scout Tower | 185 | 5550 | / | 3700 |
| Arcane Tower | 8 | 560 | / | 400 |
| Guard Tower | 45 | 3150 | / | 2250 |
| Altar of Kings | 1 | 180 | / | 50 |
| Farm | 8 | 640 | / | 160 |
| Lumber Mill | 1 | 120 | / | 0 |
| Blacksmith | 1 | 140 | / | 60 |
| Arcane Vault | 4 | 520 | / | 120 |
| Town Hall | 1 | 385 | / | 205 |
| Barracks | 1 | 160 | / | 60 |
| Arcane Sanctum | 2 | 300 | / | 280 |
| Gryphon Aviary | 2 | 280 | / | 300 |
| Keep | 1 | 320 | / | 210 |
| Castle | 1 | 360 | / | 210 |
| total: | 206 | 8275g | / | 4935w |
| 0:03 | Peasant |
| 0:03 | Peasant |
| 0:10 | Altar of Kings |
| 0:20 | Farm |
| 0:33 | Peasant |
| 0:44 | Peasant |
| 0:56 | Peasant |
| 0:59 | Farm |
| 1:05 | Peasant |
| 1:17 | Lumber Mill |
| 1:26 | Peasant |
| 1:29 | Scout Tower |
| 1:34 | Scout Tower |
| 1:39 | Peasant |
| 1:45 | Peasant |
| 2:01 | Peasant |
| 2:03 | Peasant |
| 2:11 | Summon Water Elemental |
| 2:14 | Arcane Tower |
| 2:15 | Scout Tower |
| 2:18 | Scout Tower |
| 2:28 | Peasant |
| 2:30 | Peasant |
| 2:34 | Scout Tower |
| 2:35 | Scout Tower |
| 2:57 | Arcane Tower |
| 2:58 | Scout Tower |
| 2:59 | Scout Tower |
| 3:00 | Peasant |
| 3:01 | Guard Tower |
| 3:02 | Scout Tower |
| 3:06 | Scout Tower |
| 3:06 | Scout Tower |
| 3:07 | Scout Tower |
| 3:14 | Improved Masonry |
| 3:19 | Scout Tower |
| 3:21 | Scout Tower |
| 3:21 | Scout Tower |
| 3:23 | Scout Tower |
| 3:23 | Scout Tower |
| 3:34 | Guard Tower |
| 3:35 | Scout Tower |
| 3:36 | Keep |
| 3:56 | Guard Tower |
| 4:13 | Guard Tower |
| 4:17 | Scout Tower |
| 4:17 | Scout Tower |
| 4:18 | Scout Tower |
| 4:20 | Guard Tower |
| 4:22 | Scout Tower |
| 4:23 | Scout Tower |
| 4:28 | Guard Tower |
| 4:45 | Farm |
| 4:46 | Farm |
| 4:47 | Brilliance Aura |
| 5:00 | Guard Tower |
| 5:02 | Scout Tower |
| 5:03 | Scout Tower |
| 5:26 | Guard Tower |
| 5:29 | Guard Tower |
| 5:33 | Scout Tower |
| 5:33 | Scout Tower |
| 5:34 | Scout Tower |
| 5:35 | Scout Tower |
| 5:38 | Guard Tower |
| 5:43 | Scout Tower |
| 5:43 | Scout Tower |
| 5:49 | Boots of Speed |
| 5:49 | Staff of Teleportation |
| 6:15 | Guard Tower |
| 6:15 | Scout Tower |
| 6:16 | Scout Tower |
| 6:18 | Scout Tower |
| 6:20 | Scout Tower |
| 6:20 | Scout Tower |
| 6:27 | Scout Tower |
| 6:28 | Scout Tower |
| 6:33 | Arcane Tower |
| 6:34 | Arcane Tower |
| 6:35 | Guard Tower |
| 6:37 | Scout Tower |
| 6:37 | Scout Tower |
| 7:15 | Guard Tower |
| 7:31 | Guard Tower |
| 7:48 | Arcane Sanctum |
| 8:10 | Castle |
| 8:13 | Scout Tower |
| 8:14 | Scout Tower |
| 8:14 | Scout Tower |
| 8:15 | Scout Tower |
| 8:37 | Storm Bolt |
| 8:55 | Advanced Masonry |
| 8:55 | Improved Lumber Harvesting |
| 9:43 | Summon Water Elemental |
| 9:44 | Guard Tower |
| 9:46 | Scout Tower |
| 9:47 | Scout Tower |
| 9:48 | Scout Tower |
| 9:48 | Scout Tower |
| 9:49 | Scout Tower |
| 9:51 | Arcane Tower |
| 9:51 | Arcane Tower |
| 9:53 | Magic Sentry |
| 9:54 | Priest |
| 10:25 | Arcane Sanctum |
| 10:54 | Gryphon Aviary |
| 10:56 | Gryphon Aviary |
| 10:58 | Farm |
| 10:59 | Farm |
| 11:00 | Farm |
| 11:16 | Blacksmith |
| 11:40 | Boots of Speed |
| 12:28 | Arcane Vault |
| 12:30 | Bash |
| 12:37 | Scout Tower |
| 12:43 | Scout Tower |
| 12:46 | Town Hall |
| 12:47 | Guard Tower |
| 12:55 | Arcane Vault |
| 13:06 | Arcane Vault |
| 13:27 | Holy Light |
| 13:54 | Dragonhawk Rider |
| 13:56 | Dragonhawk Rider |
| 13:59 | Barracks |
| 14:00 | Guard Tower |
| 14:05 | Scout Tower |
| 14:06 | Scout Tower |
| 14:07 | Scout Tower |
| 14:07 | Scout Tower |
| 14:24 | Guard Tower |
| 14:29 | Scout Tower |
| 14:30 | Scout Tower |
| 14:31 | Scout Tower |
| 14:31 | Scout Tower |
| 14:58 | Dragonhawk Rider |
| 15:08 | Imbued Masonry |
| 15:30 | Dragonhawk Rider |
| 15:31 | Cloud |
| 15:44 | Animal War Training |
| 15:48 | Guard Tower |
| 15:56 | Guard Tower |
| 15:59 | Scout Tower |
| 16:00 | Scout Tower |
| 16:01 | Scout Tower |
| 16:01 | Scout Tower |
| 16:02 | Scout Tower |
| 16:02 | Scout Tower |
| 16:03 | Scout Tower |
| 16:03 | Scout Tower |
| 16:04 | Scout Tower |
| 16:04 | Scout Tower |
| 16:09 | Arcane Vault |
| 16:59 | Guard Tower |
| 17:00 | Scout Tower |
| 17:01 | Scout Tower |
| 17:02 | Scout Tower |
| 17:02 | Scout Tower |
| 17:14 | Scout Tower |
| 17:14 | Scout Tower |
| 17:14 | Scout Tower |
| 17:15 | Scout Tower |
| 17:20 | Scout Tower |
| 17:20 | Scout Tower |
| 17:21 | Scout Tower |
| 17:21 | Scout Tower |
| 17:22 | Scout Tower |
| 17:22 | Scout Tower |
| 17:25 | Iron Forged Swords |
| 17:25 | Studded Leather Armor |
| 18:05 | Staff of Sanctuary |
| 18:13 | Boots of Speed |
| 18:20 | Potion of Lesser Invulnerability |
| 18:21 | Periapt of Vitality |
| 18:24 | Staff of Teleportation |
| 18:33 | Guard Tower |
| 18:34 | Guard Tower |
| 18:35 | Arcane Tower |
| 18:36 | Guard Tower |
| 19:08 | Guard Tower |
| 19:09 | Scout Tower |
| 19:09 | Scout Tower |
| 19:10 | Scout Tower |
| 19:10 | Scout Tower |
| 19:19 | Guard Tower |
| 19:21 | Guard Tower |
| 20:09 | Guard Tower |
| 20:11 | Scout Tower |
| 20:12 | Scout Tower |
| 20:12 | Scout Tower |
| 20:13 | Scout Tower |
| 20:13 | Scout Tower |
| 20:14 | Scout Tower |
| 20:42 | Devotion Aura |
| 21:00 | Guard Tower |
| 21:11 | Staff of Sanctuary |
| 21:25 | Steel Forged Swords |
| 21:25 | Reinforced Leather Armor |
| 21:31 | Guard Tower |
| 21:33 | Scout Tower |
| 21:34 | Scout Tower |
| 22:07 | Scout Tower |
| 22:08 | Scout Tower |
| 22:08 | Scout Tower |
| 22:09 | Scout Tower |
| 22:28 | Storm Bolt |
| 22:29 | Brilliance Aura |
| 23:30 | Guard Tower |
| 23:56 | Scout Tower |
| 23:58 | Scout Tower |
| 23:58 | Scout Tower |
| 23:59 | Scout Tower |
| 24:23 | Staff of Teleportation |
| 24:27 | Periapt of Vitality |
| 24:42 | Staff of Sanctuary |
| 24:50 | Orb of Venom |
| 24:54 | Scout Tower |
| 24:55 | Scout Tower |
| 24:55 | Scout Tower |
| 24:56 | Scout Tower |
| 24:56 | Scout Tower |
| 24:57 | Scout Tower |
| 24:57 | Scout Tower |
| 24:57 | Scout Tower |
| 24:58 | Scout Tower |
| 24:58 | Scout Tower |
| 25:00 | Scout Tower |
| 25:00 | Scout Tower |
| 25:01 | Scout Tower |
| 25:01 | Scout Tower |
| 25:01 | Scout Tower |
| 25:02 | Scout Tower |
| 25:02 | Scout Tower |
| 25:03 | Scout Tower |
| 25:04 | Scout Tower |
| 25:04 | Scout Tower |
| 25:05 | Scout Tower |
| 25:05 | Scout Tower |
| 25:06 | Scout Tower |
| 25:07 | Scout Tower |
| 25:08 | Scout Tower |
| 25:08 | Scout Tower |
| 25:31 | Arcane Tower |
| 26:05 | Guard Tower |
| 26:26 | Peasant |
| 26:26 | Peasant |
| 26:26 | Peasant |
| 26:26 | Peasant |
| 27:40 | Holy Light |
| 28:12 | Dragonhawk Rider |
| 28:12 | Dragonhawk Rider |
| 28:14 | Bash |
| 28:38 | Scout Tower |
| 28:39 | Scout Tower |
| 28:40 | Scout Tower |
| 28:40 | Scout Tower |
| 28:41 | Scout Tower |
| 28:41 | Scout Tower |
| 28:42 | Scout Tower |
| 28:43 | Scout Tower |
| 28:43 | Scout Tower |
| 28:44 | Scout Tower |
| 28:44 | Scout Tower |
| 28:45 | Scout Tower |
| 28:45 | Scout Tower |
| 28:45 | Scout Tower |
| 28:46 | Scout Tower |
| 28:46 | Scout Tower |
| 29:16 | Dragonhawk Rider |
| 29:18 | Mithril Forged Swords |
| 29:18 | Dragonhide Armor |
| 29:21 | Guard Tower |
| 30:40 | Brilliance Aura |
| 30:52 | Guard Tower |
| 30:55 | Scout Tower |
| 30:55 | Scout Tower |
| 30:56 | Scout Tower |
| 30:56 | Scout Tower |
| 30:57 | Scout Tower |
| 30:57 | Scout Tower |
| 30:57 | Scout Tower |
| 30:58 | Scout Tower |
| 31:19 | Scout Tower |
| 31:19 | Scout Tower |
| 31:20 | Scout Tower |
| 31:20 | Scout Tower |
| 31:21 | Scout Tower |
| 31:21 | Scout Tower |
| 31:22 | Scout Tower |
| 31:22 | Scout Tower |
| 31:23 | Scout Tower |
| 31:23 | Scout Tower |
| 31:29 | Guard Tower |
| 31:36 | Tome of Retraining |
| 31:36 | Retrain Hero |
| 31:38 | Blizzard |
| 31:38 | Brilliance Aura |
| 31:39 | Blizzard |
| 31:40 | Brilliance Aura |
| 31:41 | Brilliance Aura |
| 31:50 | Guard Tower |
| 31:52 | Scout Tower |
| 31:53 | Scout Tower |
| 31:53 | Scout Tower |
| 31:54 | Scout Tower |
| 31:55 | Scout Tower |
| 31:55 | Scout Tower |
| 31:56 | Scout Tower |
| 31:56 | Scout Tower |
| 31:57 | Scout Tower |
| 31:57 | Scout Tower |
| 32:26 | Guard Tower |
| 32:38 | Scout Tower |
| 32:40 | Scout Tower |
| 32:41 | Scout Tower |
| 32:41 | Scout Tower |
| 32:42 | Scout Tower |
| 32:42 | Scout Tower |
| 32:43 | Scout Tower |
| 32:44 | Guard Tower |
| 32:56 | Orb of Venom |
| 32:59 | Divine Shield |
| 33:23 | Storm Bolt |
| 33:35 | Guard Tower |
| 33:38 | Tome of Retraining |
| 33:38 | Retrain Hero |
| 33:41 | Holy Light |
| 33:41 | Devotion Aura |
| 33:42 | Divine Shield |
| 33:43 | Holy Light |
| 34:19 | Guard Tower |
| 34:20 | Scout Tower |
| 34:21 | Scout Tower |
| 34:21 | Scout Tower |
| 34:22 | Scout Tower |
| 34:22 | Scout Tower |
| 35:46 | Guard Tower |
| 38:18 | Guard Tower |
| 38:31 | Farm |
| 39:21 | Mass Teleport |
| Right click | 2485 |
| Select | 854 |
| Select group | 677 |
| Chat | 419 |
| Build/train/purchase | 203 |
| Use ability | 151 |
| Resource trade | 93 |
| Assign group | 45 |
| Misc. action | 38 |
| Minimap ping | 24 |
| Item give/drop | 7 |
| Remove unit | 1 |
IcebergSlim
(42:13) : 
| Orb of Venom | 1 | 325 |
| Boots of Speed | 1 | 250 |
| Staff of Teleportation | 1 | 150 |
| total: | 3 | 725g |
| Wisp | 52 | 3120 | / | 0 |
| Hippogryph | 14 | 2240 | / | 280 |
| Chimaera | 5 | 1650 | / | 350 |
| total: | 71 | 7010g | / | 630w |
| Ancient Protector | 11 | 1485 | / | 880 |
| Altar of Elders | 1 | 180 | / | 50 |
| Moon Well | 12 | 2160 | / | 480 |
| Hunter's Hall | 1 | 210 | / | 100 |
| Ancient of Wonders | 1 | 90 | / | 30 |
| Tree of Life | 4 | 1360 | / | 740 |
| Ancient of Wind | 1 | 150 | / | 140 |
| Chimaera Roost | 9 | 1260 | / | 1710 |
| Tree of Ages | 3 | 960 | / | 540 |
| Tree of Eternity | 2 | 660 | / | 400 |
| total: | 40 | 6895g | / | 4130w |
| 0:04 | Wisp |
| 0:06 | Altar of Elders |
| 0:19 | Moon Well |
| 0:22 | Wisp |
| 0:23 | Wisp |
| 0:39 | Wisp |
| 0:51 | Wisp |
| 0:59 | Wisp |
| 1:11 | Wisp |
| 1:21 | Wisp |
| 1:22 | Wisp |
| 1:23 | Wisp |
| 1:35 | Moon Well |
| 2:03 | Wisp |
| 2:07 | Hunter's Hall |
| 2:13 | Shadow Strike |
| 2:21 | Wisp |
| 2:21 | Wisp |
| 2:37 | Wisp |
| 2:37 | Wisp |
| 2:44 | Ancient of Wonders |
| 2:59 | Wisp |
| 3:15 | Wisp |
| 3:25 | Wisp |
| 3:26 | Wisp |
| 3:48 | Wisp |
| 4:49 | Tree of Ages |
| 5:21 | Boots of Speed |
| 5:51 | Staff of Teleportation |
| 6:35 | Blink |
| 6:39 | Moon Well |
| 6:43 | Tree of Life |
| 7:13 | Nature's Blessing |
| 8:13 | Wisp |
| 8:14 | Wisp |
| 8:14 | Wisp |
| 8:14 | Wisp |
| 8:14 | Wisp |
| 8:18 | Ancient Protector |
| 9:04 | Wisp |
| 9:05 | Wisp |
| 9:05 | Wisp |
| 9:05 | Wisp |
| 9:06 | Wisp |
| 9:27 | Ultravision |
| 9:32 | Ancient Protector |
| 9:38 | Shadow Strike |
| 10:02 | Wisp |
| 10:02 | Wisp |
| 10:02 | Wisp |
| 10:02 | Wisp |
| 10:07 | Ancient Protector |
| 10:44 | Wisp |
| 10:44 | Wisp |
| 10:44 | Wisp |
| 10:45 | Wisp |
| 10:45 | Wisp |
| 11:01 | Ancient Protector |
| 11:12 | Ancient Protector |
| 11:15 | Ancient Protector |
| 11:35 | Tree of Eternity |
| 11:39 | Ancient Protector |
| 12:12 | Ancient Protector |
| 12:30 | Ancient Protector |
| 12:50 | Wisp |
| 12:50 | Wisp |
| 12:50 | Wisp |
| 13:00 | Moon Well |
| 13:59 | Well Spring |
| 15:10 | Orb of Venom |
| 15:55 | Ancient of Wind |
| 16:08 | Tree of Life |
| 16:54 | Tree of Life |
| 17:59 | Strength of the Wild |
| 17:59 | Reinforced Hides |
| 18:28 | Moon Well |
| 18:30 | Moon Well |
| 19:00 | Wisp |
| 19:00 | Wisp |
| 19:00 | Wisp |
| 19:00 | Wisp |
| 19:02 | Wisp |
| 19:25 | Hippogryph |
| 19:26 | Hippogryph |
| 19:27 | Wisp |
| 19:27 | Wisp |
| 19:28 | Wisp |
| 19:28 | Wisp |
| 19:28 | Wisp |
| 20:32 | Ancient Protector |
| 20:34 | Ancient Protector |
| 21:51 | Hippogryph |
| 21:52 | Hippogryph |
| 21:53 | Hippogryph |
| 21:53 | Hippogryph |
| 22:06 | Tree of Ages |
| 22:28 | Blink |
| 24:28 | Improved Strength of the Wild |
| 24:29 | Improved Reinforced Hides |
| 24:31 | Tree of Eternity |
| 25:37 | Shadow Strike |
| 26:14 | Moon Well |
| 26:16 | Moon Well |
| 26:17 | Moon Well |
| 26:18 | Moon Well |
| 26:30 | Hippogryph |
| 27:28 | Hippogryph |
| 27:29 | Hippogryph |
| 27:29 | Hippogryph |
| 27:29 | Hippogryph |
| 28:15 | Moon Well |
| 28:17 | Moon Well |
| 28:34 | Blink |
| 28:47 | Tree of Life |
| 28:53 | Advanced Strength of the Wild |
| 28:53 | Advanced Reinforced Hides |
| 28:56 | Hippogryph |
| 30:48 | Hippogryph |
| 30:48 | Hippogryph |
| 34:16 | Chimaera Roost |
| 34:17 | Chimaera Roost |
| 34:18 | Chimaera Roost |
| 34:19 | Chimaera Roost |
| 34:20 | Chimaera Roost |
| 34:22 | Chimaera Roost |
| 34:58 | Spirit of Vengeance |
| 35:45 | Corrosive Breath |
| 36:25 | Chimaera Roost |
| 36:27 | Chimaera Roost |
| 37:55 | Chimaera Roost |
| 38:40 | Chimaera |
| 39:17 | Chimaera |
| 39:44 | Chimaera |
| 39:56 | Chimaera |
| 39:57 | Chimaera |
| Right click | 2351 |
| Select | 588 |
| Select group | 195 |
| Misc. action | 183 |
| Resource trade | 166 |
| Build/train/purchase | 112 |
| Chat | 87 |
| Use ability | 77 |
| Assign group | 20 |
| Minimap ping | 5 |
| Item give/drop | 4 |
| Esc | 2 |
215 units @ 36.2k
/ 5.2k
115 buildings @ 18.9k
/ 8k



| Healing Salve | 1 | 100 |
| Orb of Lightning | 2 | 750 |
| Potion of Mana | 2 | 400 |
| Lesser Clarity Potion | 2 | 140 |
| Scroll of Town Portal | 3 | 1050 |
| total: | 10 | 2440g |
| Peon | 7 | 525 | / | 0 |
| Grunt | 6 | 1200 | / | 0 |
| Troll Headhunter | 12 | 1680 | / | 240 |
| Green Dragon | 4 | 2980 | / | 800 |
| Green Drake | 4 | 1460 | / | 320 |
| Green Dragon Whelp | 3 | 645 | / | 60 |
| total: | 36 | 8490g | / | 1420w |
| Watch Tower | 7 | 770 | / | 560 |
| Altar of Storms | 2 | 360 | / | 100 |
| Orc Burrow | 11 | 1760 | / | 440 |
| Barracks | 1 | 180 | / | 50 |
| Voodoo Lounge | 1 | 130 | / | 30 |
| War Mill | 1 | 205 | / | 0 |
| Great Hall | 2 | 770 | / | 370 |
| Stronghold | 1 | 315 | / | 190 |
| Fortress | 1 | 325 | / | 190 |
| total: | 25 | 4175g | / | 1550w |
| 0:05 | Peon |
| 0:06 | Peon |
| 0:11 | Altar of Storms |
| 0:23 | Orc Burrow |
| 0:50 | Peon |
| 0:50 | Peon |
| 0:51 | Peon |
| 1:03 | Peon |
| 1:09 | Orc Burrow |
| 1:36 | Barracks |
| 1:45 | Peon |
| 2:14 | Orc Burrow |
| 2:39 | Grunt |
| 2:50 | Critical Strike |
| 2:56 | Voodoo Lounge |
| 3:03 | Grunt |
| 3:34 | Grunt |
| 3:36 | Stronghold |
| 4:02 | Grunt |
| 4:06 | Healing Salve |
| 4:17 | Orc Burrow |
| 4:51 | Grunt |
| 4:58 | War Mill |
| 5:19 | Grunt |
| 5:43 | Wind Walk |
| 7:59 | Critical Strike |
| 8:08 | Steel Armor |
| 8:11 | Fortress |
| 8:13 | Troll Regeneration |
| 8:14 | Troll Headhunter |
| 8:14 | Troll Headhunter |
| 8:14 | Troll Headhunter |
| 8:14 | Troll Headhunter |
| 8:14 | Troll Headhunter |
| 8:14 | Troll Headhunter |
| 9:30 | Orc Burrow |
| 9:30 | Orc Burrow |
| 9:34 | Steel Ranged Weapons |
| 9:43 | Thorium Armor |
| 10:26 | Healing Wave |
| 11:06 | Berserker Upgrade |
| 11:06 | Troll Headhunter |
| 11:06 | Troll Headhunter |
| 11:06 | Troll Headhunter |
| 11:07 | Troll Headhunter |
| 11:07 | Troll Headhunter |
| 11:07 | Troll Headhunter |
| 11:25 | Thorium Ranged Weapons |
| 12:14 | Orb of Lightning |
| 12:20 | Endurance Aura |
| 13:00 | Mirror Image |
| 14:30 | Hex |
| 15:06 | Scroll of Town Portal |
| 15:20 | Orb of Lightning |
| 15:21 | Potion of Mana |
| 15:21 | Potion of Mana |
| 15:21 | Lesser Clarity Potion |
| 15:21 | Lesser Clarity Potion |
| 17:08 | Green Dragon |
| 17:09 | Green Drake |
| 17:10 | Green Dragon Whelp |
| 17:18 | Healing Wave |
| 17:33 | Arcanite Ranged Weapons |
| 17:34 | Arcanite Armor |
| 18:32 | Critical Strike |
| 19:22 | Scroll of Town Portal |
| 19:51 | War Stomp |
| 20:10 | Reinforced Defenses |
| 20:24 | Orc Burrow |
| 20:25 | Orc Burrow |
| 20:40 | Green Dragon |
| 21:39 | Watch Tower |
| 21:40 | Watch Tower |
| 21:41 | Watch Tower |
| 21:42 | Watch Tower |
| 21:44 | Watch Tower |
| 21:46 | Watch Tower |
| 21:51 | Watch Tower |
| 25:23 | Hex |
| 26:15 | Scroll of Town Portal |
| 26:40 | Great Hall |
| 27:14 | Green Dragon |
| 27:17 | Green Drake |
| 27:18 | Green Dragon Whelp |
| 28:09 | Orc Burrow |
| 28:10 | Orc Burrow |
| 28:12 | Orc Burrow |
| 28:53 | Great Hall |
| 31:05 | Altar of Storms |
| 31:38 | Green Dragon |
| 31:39 | Green Drake |
| 31:40 | Green Dragon Whelp |
| 32:51 | Green Drake |
| Select | 207 |
| Misc. action | 202 |
| Select group | 185 |
| Right click | 99 |
| Build/train/purchase | 87 |
| Assign group | 31 |
| Use ability | 31 |
| Item give/drop | 1 |
| Minimap ping | 1 |

| Scroll of Town Portal | 1 | 350 |
| total: | 1 | 350g |
| Wisp | 19 | 1140 | / | 0 |
| Chimaera | 21 | 6930 | / | 1470 |
| Hippogryph | 6 | 960 | / | 120 |
| total: | 46 | 9030g | / | 1590w |
| Ancient Protector | 7 | 945 | / | 560 |
| Moon Well | 18 | 3240 | / | 720 |
| Altar of Elders | 1 | 180 | / | 50 |
| Hunter's Hall | 1 | 210 | / | 100 |
| Tree of Life | 1 | 340 | / | 185 |
| Ancient of Wonders | 1 | 90 | / | 30 |
| Ancient of Wind | 3 | 450 | / | 420 |
| Chimaera Roost | 4 | 560 | / | 760 |
| Tree of Ages | 1 | 320 | / | 180 |
| Tree of Eternity | 1 | 330 | / | 200 |
| total: | 36 | 6015g | / | 2825w |
| 0:05 | Wisp |
| 0:05 | Wisp |
| 0:08 | Wisp |
| 0:25 | Moon Well |
| 0:29 | Wisp |
| 0:38 | Altar of Elders |
| 0:47 | Wisp |
| 1:16 | Wisp |
| 1:16 | Wisp |
| 1:23 | Wisp |
| 1:44 | Wisp |
| 2:02 | Tree of Ages |
| 2:06 | Moon Well |
| 2:40 | Searing Arrows |
| 3:03 | Moon Well |
| 4:02 | Hunter's Hall |
| 4:23 | Tree of Eternity |
| 4:29 | Moon Well |
| 5:17 | Moon Well |
| 5:20 | Reinforced Hides |
| 6:24 | Strength of the Wild |
| 6:48 | Chimaera Roost |
| 6:49 | Chimaera Roost |
| 6:54 | Chimaera Roost |
| 6:58 | Wisp |
| 6:58 | Wisp |
| 7:04 | Moon Well |
| 7:57 | Trueshot Aura |
| 8:10 | Chimaera |
| 8:12 | Chimaera |
| 8:18 | Chimaera |
| 8:22 | Chimaera |
| 8:23 | Chimaera |
| 8:28 | Chimaera |
| 9:16 | Chimaera |
| 9:19 | Chimaera |
| 9:54 | Tree of Life |
| 10:19 | Chimaera |
| 10:56 | Ancient of Wonders |
| 11:19 | Chimaera |
| 12:10 | Wisp |
| 12:10 | Wisp |
| 12:19 | Improved Strength of the Wild |
| 12:34 | Trueshot Aura |
| 12:57 | Wisp |
| 12:57 | Wisp |
| 13:02 | Corrosive Breath |
| 13:24 | Moon Well |
| 13:57 | Advanced Strength of the Wild |
| 15:53 | Chimaera |
| 16:49 | Searing Arrows |
| 16:53 | Chimaera |
| 17:02 | Ancient of Wind |
| 17:09 | Ancient of Wind |
| 17:10 | Improved Reinforced Hides |
| 17:41 | Wisp |
| 17:41 | Wisp |
| 17:47 | Ancient of Wind |
| 18:13 | Scroll of Town Portal |
| 19:17 | Hippogryph |
| 19:17 | Hippogryph |
| 19:19 | Hippogryph |
| 20:09 | Moon Well |
| 20:10 | Moon Well |
| 20:12 | Moon Well |
| 20:13 | Moon Well |
| 21:08 | Ancient Protector |
| 21:17 | Ancient Protector |
| 21:21 | Moon Well |
| 22:44 | Chimaera |
| 22:45 | Chimaera |
| 22:50 | Moon Well |
| 23:23 | Hippogryph |
| 23:57 | Moon Well |
| 24:04 | Hippogryph |
| 24:06 | Hippogryph |
| 24:17 | Chimaera |
| 24:29 | Chimaera Roost |
| 24:34 | Ancient Protector |
| 24:39 | Ancient Protector |
| 24:40 | Wisp |
| 24:41 | Wisp |
| 24:46 | Ancient Protector |
| 24:48 | Ancient Protector |
| 24:51 | Moon Well |
| 25:03 | Advanced Reinforced Hides |
| 25:48 | Chimaera |
| 25:51 | Chimaera |
| 26:28 | Ancient Protector |
| 26:31 | Chimaera |
| 27:35 | Chimaera |
| 28:32 | Chimaera |
| 29:24 | Moon Well |
| 29:40 | Moon Well |
| 30:43 | Trueshot Aura |
| 31:53 | Chimaera |
| 32:12 | Moon Well |
| Right click | 403 |
| Select group | 299 |
| Select | 293 |
| Chat | 153 |
| Misc. action | 128 |
| Build/train/purchase | 71 |
| Assign group | 23 |
| Minimap ping | 19 |
| Use ability | 9 |
| Item give/drop | 1 |
| Remove unit | 1 |
⇛
RainbowRoad
(42:10) : 
| Wisp | 30 | 1800 | / | 0 |
| Huntress | 35 | 6825 | / | 700 |
| Flying Machine | 1 | 100 | / | 30 |
| Peasant | 10 | 750 | / | 0 |
| total: | 76 | 9475g | / | 730w |
| Ancient Protector | 5 | 675 | / | 400 |
| Altar of Elders | 1 | 180 | / | 50 |
| Ancient of War | 2 | 300 | / | 120 |
| Moon Well | 12 | 2160 | / | 480 |
| Hunter's Hall | 1 | 210 | / | 100 |
| Tree of Life | 2 | 680 | / | 370 |
| Tree of Ages | 1 | 320 | / | 180 |
| Tree of Eternity | 1 | 330 | / | 200 |
| Great Hall | 1 | 385 | / | 185 |
| Town Hall | 1 | 385 | / | 205 |
| total: | 25 | 4975g | / | 1910w |
| 0:10 | Altar of Elders |
| 0:14 | Ancient of War |
| 0:16 | Wisp |
| 0:17 | Wisp |
| 0:17 | Wisp |
| 0:20 | Wisp |
| 0:20 | Wisp |
| 0:51 | Moon Well |
| 0:59 | Wisp |
| 1:00 | Wisp |
| 1:52 | Wisp |
| 1:52 | Wisp |
| 1:52 | Wisp |
| 1:52 | Wisp |
| 1:52 | Wisp |
| 1:53 | Wisp |
| 1:53 | Wisp |
| 1:53 | Wisp |
| 1:59 | Moon Well |
| 2:40 | Thorns Aura |
| 2:51 | Hunter's Hall |
| 3:02 | Moon Well |
| 3:39 | Tree of Ages |
| 4:18 | Moon Well |
| 4:21 | Huntress |
| 4:21 | Huntress |
| 4:21 | Huntress |
| 4:27 | Ultravision |
| 4:29 | Strength of the Moon |
| 4:50 | Moon Armor |
| 5:20 | Sentinel |
| 5:22 | Huntress |
| 5:22 | Huntress |
| 5:51 | Moon Well |
| 5:52 | Moon Well |
| 6:01 | Moon Glaive |
| 7:05 | Tree of Life |
| 7:13 | Improved Strength of the Moon |
| 7:14 | Improved Moon Armor |
| 7:24 | Force of Nature |
| 7:41 | Tree of Eternity |
| 8:06 | Huntress |
| 8:06 | Huntress |
| 8:08 | Huntress |
| 8:52 | Huntress |
| 8:52 | Huntress |
| 8:59 | Thorns Aura |
| 9:27 | Wisp |
| 9:27 | Wisp |
| 9:28 | Wisp |
| 9:28 | Wisp |
| 9:28 | Wisp |
| 10:47 | Huntress |
| 10:48 | Huntress |
| 10:48 | Huntress |
| 10:49 | Huntress |
| 10:49 | Huntress |
| 10:49 | Huntress |
| 10:49 | Huntress |
| 11:00 | Wisp |
| 11:01 | Wisp |
| 11:01 | Wisp |
| 11:01 | Wisp |
| 11:01 | Wisp |
| 11:09 | Well Spring |
| 11:35 | Advanced Strength of the Moon |
| 11:35 | Advanced Moon Armor |
| 13:04 | Huntress |
| 13:04 | Huntress |
| 15:40 | Ancient of War |
| 15:41 | Wisp |
| 15:41 | Wisp |
| 15:41 | Wisp |
| 15:42 | Wisp |
| 15:42 | Wisp |
| 16:00 | Ancient Protector |
| 16:13 | Ancient Protector |
| 16:25 | Huntress |
| 16:25 | Huntress |
| 16:25 | Huntress |
| 16:25 | Huntress |
| 16:25 | Huntress |
| 16:26 | Huntress |
| 16:26 | Huntress |
| 16:26 | Huntress |
| 16:33 | Ancient Protector |
| 16:44 | Ancient Protector |
| 16:46 | Huntress |
| 16:46 | Huntress |
| 16:47 | Huntress |
| 16:47 | Huntress |
| 16:47 | Huntress |
| 16:47 | Huntress |
| 16:47 | Huntress |
| 16:47 | Huntress |
| 16:56 | Ancient Protector |
| 29:36 | Moon Well |
| 29:40 | Moon Well |
| 29:41 | Moon Well |
| 29:41 | Moon Well |
| 29:42 | Moon Well |
| 29:43 | Moon Well |
| 35:48 | Great Hall |
| 36:44 | Tree of Life |
| 39:15 | Flying Machine |
| 39:18 | Peasant |
| 39:39 | Town Hall |
| 40:09 | Peasant |
| 40:21 | Peasant |
| 41:12 | Peasant |
| 41:13 | Peasant |
| 41:13 | Peasant |
| 41:14 | Peasant |
| 41:14 | Peasant |
| 41:14 | Peasant |
| 41:15 | Peasant |
| Right click | 663 |
| Select | 279 |
| Chat | 219 |
| Resource trade | 114 |
| Build/train/purchase | 104 |
| Misc. action | 102 |
| Select group | 42 |
| Use ability | 27 |
| Assign group | 20 |
| Minimap ping | 16 |
| Remove unit | 3 |


| Periapt of Vitality | 2 | 650 |
| total: | 2 | 650g |
| Peasant | 18 | 1350 | / | 0 |
| Footman | 10 | 1350 | / | 0 |
| Rifleman | 12 | 2460 | / | 360 |
| Gryphon Rider | 7 | 1960 | / | 490 |
| Siege Engine | 9 | 1755 | / | 540 |
| Satyr Soulstealer | 1 | 320 | / | 50 |
| total: | 57 | 9195g | / | 1440w |
| Scout Tower | 3 | 90 | / | 60 |
| Arcane Tower | 1 | 70 | / | 50 |
| Guard Tower | 1 | 70 | / | 50 |
| Altar of Kings | 1 | 180 | / | 50 |
| Barracks | 2 | 320 | / | 120 |
| Farm | 13 | 1040 | / | 260 |
| Lumber Mill | 2 | 240 | / | 0 |
| Blacksmith | 1 | 140 | / | 60 |
| Town Hall | 3 | 1155 | / | 615 |
| Gryphon Aviary | 2 | 280 | / | 300 |
| Workshop | 2 | 280 | / | 280 |
| Keep | 1 | 320 | / | 210 |
| Castle | 3 | 1080 | / | 630 |
| total: | 29 | 3725g | / | 1745w |
| 0:19 | Altar of Kings |
| 0:37 | Barracks |
| 0:42 | Peasant |
| 0:42 | Peasant |
| 0:42 | Peasant |
| 0:49 | Farm |
| 1:37 | Farm |
| 1:44 | Footman |
| 1:44 | Footman |
| 1:44 | Footman |
| 1:44 | Footman |
| 2:20 | Farm |
| 2:25 | Peasant |
| 2:26 | Peasant |
| 2:26 | Peasant |
| 2:31 | Thunder Clap |
| 2:44 | Footman |
| 2:44 | Footman |
| 2:44 | Footman |
| 3:17 | Scout Tower |
| 3:28 | Farm |
| 3:34 | Peasant |
| 3:40 | Footman |
| 3:45 | Arcane Tower |
| 3:53 | Lumber Mill |
| 4:00 | Peasant |
| 4:00 | Peasant |
| 4:09 | Farm |
| 4:40 | Barracks |
| 5:15 | Bash |
| 5:18 | Footman |
| 5:19 | Footman |
| 5:30 | Blacksmith |
| 5:37 | Town Hall |
| 5:50 | Periapt of Vitality |
| 5:51 | Periapt of Vitality |
| 6:19 | Town Hall |
| 6:52 | Keep |
| 7:03 | Rifleman |
| 7:03 | Rifleman |
| 7:03 | Rifleman |
| 8:09 | Thunder Clap |
| 8:45 | Rifleman |
| 8:45 | Rifleman |
| 8:45 | Rifleman |
| 8:45 | Rifleman |
| 8:57 | Peasant |
| 8:57 | Peasant |
| 9:03 | Iron Forged Swords |
| 9:14 | Peasant |
| 9:39 | Peasant |
| 9:39 | Peasant |
| 9:51 | Gryphon Aviary |
| 10:04 | Scout Tower |
| 10:10 | Rifleman |
| 10:10 | Rifleman |
| 10:22 | Castle |
| 10:37 | Holy Light |
| 11:38 | Farm |
| 11:44 | Farm |
| 14:07 | Gryphon Rider |
| 14:07 | Gryphon Rider |
| 14:07 | Gryphon Rider |
| 14:11 | Gryphon Aviary |
| 14:31 | Satyr Soulstealer |
| 16:03 | Workshop |
| 16:39 | Workshop |
| 16:53 | Gryphon Rider |
| 16:53 | Gryphon Rider |
| 17:28 | Guard Tower |
| 17:32 | Scout Tower |
| 18:30 | Peasant |
| 18:30 | Peasant |
| 18:56 | Gryphon Rider |
| 18:56 | Gryphon Rider |
| 19:04 | Lumber Mill |
| 21:56 | Farm |
| 21:59 | Farm |
| 22:02 | Farm |
| 22:11 | Peasant |
| 22:12 | Peasant |
| 22:50 | Siege Engine |
| 22:50 | Siege Engine |
| 22:50 | Siege Engine |
| 22:50 | Siege Engine |
| 22:50 | Siege Engine |
| 22:50 | Siege Engine |
| 22:51 | Siege Engine |
| 24:03 | Siege Engine |
| 24:04 | Siege Engine |
| 24:21 | Farm |
| 24:24 | Improved Lumber Harvesting |
| 24:48 | Farm |
| 26:04 | Town Hall |
| 26:35 | Farm |
| 28:52 | Black Gunpowder |
| 28:53 | Studded Leather Armor |
| 30:34 | Rifleman |
| 30:34 | Rifleman |
| 30:34 | Rifleman |
| Right click | 842 |
| Select | 277 |
| Build/train/purchase | 85 |
| Misc. action | 19 |
| Resource trade | 9 |
| Use ability | 4 |
| Minimap ping | 4 |
| Remove unit | 2 |